 Dungeon Crawl Stone Soup version 0.19-a0-147-g6f47703 (webtiles) character file.

13372 Duffy the Thaumaturge (level 11, -4/64 HPs)
             Began as a Deep Elf Conjurer on May 18, 2016.
             Was an Elder of Sif Muna.
             Slain by an orc warlord
             ... wielding a +1 halberd of flaming
              (15 damage)
             ... in a bailey.
             The game lasted 00:23:35 (12291 turns).

Duffy the Thaumaturge (Deep Elf Conjurer)          Turns: 12291, Time: 00:23:36

Health: -4/64      AC: 14    Str:  5    XL:     11   Next: 74%
Magic:  6/31       EV: 17    Int: 24    God:    Sif Muna [****..]
Gold:   263        SH:  0    Dex: 15    Spells: 5 memorised, 23 levels left

rFire  . . .     SeeInvis +     T - +1 trident (protect)
rCold  . . .     Gourm    .     a - +0 robe
rNeg   + . .     Faith    .     (no shield)
rPois  .         Spirit   .     C - +0 helmet
rElec  .         Dismiss  .     (no cloak)
rCorr  .         Reflect  .     P - +0 pair of gloves
SustAt .         Harm     .     s - +0 pair of boots
MR     +....                    (no amulet)
Stlth  +++.......               Z - ring of Shadows {Umbra +Inv rN+ SInv}
                                j - +4 ring of protection

@: wreathed by umbra, somewhat resistant to hostile enchantments, fairly
stealthy
A: no striking features
a: Channel Energy, Forget Spell, Renounce Religion, Evoke Invisibility


You were in a bailey.
You worshipped Sif Muna.
Sif Muna was greatly pleased with you.
You were not hungry.

You visited 2 branches of the dungeon, and saw 10 of its levels.
You also visited: Sewer and Bailey.

You collected 683 gold pieces.
You spent 420 gold pieces at shops.


   Skills:
 + Level 5.6 Fighting
 + Level 8.5 Dodging
 - Level 2.4 Stealth
 - Level 14.5 Spellcasting
 - Level 10.1 Conjurations
 - Level 4.0 Hexes
 - Level 6.5 Charms
 - Level 5.0 Invocations


You had 23 spell levels left.
You knew the following spells:

 Your Spells              Type           Power        Failure   Level  Hunger
a - Magic Dart            Conj           ####         1%          1    None
c - Iskenderun's Mystic   Conj           ######..     1%          4    None
i - Iskenderun's Battles  Conj/Chrm      ######..     3%          5    ##.....
n - Fulminant Prism       Conj/Hex       ######....   1%          4    None
s - Searing Ray           Conj           ######       1%          2    None

Inventory:

Hand Weapons
 x - a +4 blowgun
 T - a +1 trident of protection (weapon)
Missiles
 w - 35 poisoned needles
 L - a throwing net (quivered)
Armour
 a - a +0 robe (worn)
 s - a +0 pair of boots (worn)
 C - a +0 helmet (worn)
 P - a +0 pair of gloves (worn)
Jewellery
 g - an uncursed ring of fire
 j - a +4 ring of protection (left hand)
 v - an uncursed amulet of dismissal
 y - an uncursed ring of sustain attributes
 M - an uncursed ring of resist corrosion
 Y - an uncursed ring of protection from magic {unknown}
 Z - the ring of Shadows (right hand) {Umbra +Inv rN+ SInv}

   [ring of positive energy]

   It protects you from negative energy.
   It lets you see invisible.
   It lets you turn invisible.
Wands
 G - a wand of enslavement (13/24)
 N - a wand of iceblast (7/15)
 O - a wand of heal wounds (5/9)
Scrolls
 e - a scroll of amnesia
 m - a scroll of enchant weapon
 r - 5 scrolls of fear
 t - 2 scrolls of immolation {unknown}
 B - 6 scrolls of remove curse
 E - a scroll of enchant armour {unknown}
 F - 5 scrolls of teleportation
 J - 2 scrolls of magic mapping {unknown}
 Q - a scroll of fog {unknown}
 R - a scroll of blinking {unknown}
 S - 2 scrolls of acquirement {unknown}
 U - a scroll of recharging {unknown}
 V - 2 scrolls of holy word {unknown}
Potions
 d - 2 potions of curing
 f - 3 potions of haste
 h - 2 potions of resistance
 i - a potion of ambrosia
 k - 5 potions of heal wounds
 p - 4 potions of brilliance
 A - 2 potions of lignification {unknown}
 D - 4 potions of agility
 H - a potion of mutation {unknown}
 I - a potion of invisibility {unknown}
 K - 4 potions of flight
 W - 2 potions of might {unknown}
Books
 b - a book of Conjurations
 X - a book of Beasts
Comestibles
 c - 5 bread rations
 n - a beef jerky
 o - 2 meat rations
 z - 6 fruits

Dungeon Overview and Level Annotations

Branches:
Dungeon (9/15)             Temple (1/1) D:4
   Lair: D:8-11         Orc: D:9-12

Altars:
Ashenzari
Cheibriados
Dithmenos
Elyvilon
Fedhas
Gozag
Kikubaaqudgha
Makhleb
Nemelex Xobeh
Okawaru
Pakellas
Qazlal
Ru
Sif Muna
Trog
Vehumet
Xom
Yredelemnul
Zin
The Shining One

Shops:
D:6 %   D:9 =


Message History

The barrage of energy hits the orc warlord.
The orc warlord is heavily wounded.
Cast which spell? (? or * to list)
Aiming: Iskenderun's Mystic Blast
Press: ? - help, Shift-Dir - straight line, f/p - orc warlord
Aim: an orc warlord, wielding a halberd of flaming and wearing a plate armour (heavily wounded, umbra)
The orb of energy hits the orc warlord.
The orc warlord is heavily wounded.
The orb of energy explodes!
You hear a shout! x2
A barrage of energy appears from out of your range of vision.
The barrage of energy hits the orc warlord.
The orc warlord is heavily wounded.
Cast which spell? (? or * to list)
Aiming: Iskenderun's Mystic Blast
Press: ? - help, Shift-Dir - straight line, f/p - orc warlord
Aim: an orc warlord, wielding a halberd of flaming and wearing a plate armour (heavily wounded, umbra)
The orb of energy hits the orc warlord.
The orc warlord is heavily wounded.
The orb of energy explodes!
Your battlesphere fires!
The barrage of energy hits the orc warlord.
The orc warlord is heavily wounded.
The orc warlord hits you from afar with a halberd of flaming!!
The orc warlord burns you!
Things that are here:
a hand axe; a leather armour
Things that are here:
a war axe; a scale mail; a chunk of flesh
There is an open door here.
Evoke which item? (* to show all) (? for menu, Esc to quit)
Zapping:
O - a wand of heal wounds (6/9)
Press: ? - help, Shift-Dir - straight line, f - you, p - orc warlord You feel much better.
This wand has 5 charges left.
The orc warlord hits you from afar with a halberd of flaming!
The orc warlord burns you.
Items here: )))) [[[[ Cast which spell? (? or * to list)
Aiming: Iskenderun's Mystic Blast
Press: ? - help, Shift-Dir - straight line, f - orc warlord
Aim: an orc warlord, wielding a halberd of flaming and wearing a plate armour (heavily wounded, umbra)
The orb of energy hits the orc warlord.
The orc warlord is severely wounded.
The orb of energy explodes!
Your battlesphere fires!
The barrage of energy hits the orc warlord.
The orc warlord is severely wounded.
The orc warlord hits you from afar with a halberd of flaming!!
The orc warlord burns you!
You die...

### ### ###.### ###.###
###.....### ###.....###
##........*###.........##
#...........#...........#
#........))@'o))).......#
#.....}...).#.....}.....#
#........)..#...g.......#
#......).)..#...)..))...#
###....)....###.....)...###
###.#)#.....###
###.....#'#.###
###....)###.###
.g###.###.....#
#......)..###
..g.###........
......))...#
....##8*....)..


You could see an orc warlord, a goblin and a friendly battlesphere.

Action                   |  1- 3 |  4- 6 |  7- 9 | 10-12 || total
-------------------------+-------+-------+-------+-------++-------
 Cast: Magic Dart        |    57 |   110 |   251 |   123 ||   541
       Searing Ray       |     2 |    11 |    39 |    14 ||    66
       Fulminant Prism   |       |     3 |    16 |     5 ||    24
       Iskenderun's Myst |       |       |     6 |    32 ||    38
       Iskenderun's Batt |       |       |       |    18 ||    18
Invok: Channel Energy    |       |       |       |    83 ||    83
Evoke: Wand              |       |       |       |     1 ||     1
  Use: Scroll            |     4 |     2 |    10 |       ||    16
       Potion            |       |       |       |     2 ||     2
  Eat: Chunk             |     1 |     8 |    19 |    20 ||    48
       Royal jelly       |       |       |       |     1 ||     1
Armor: Robe              |     2 |     7 |    44 |    17 ||    70
Dodge: Dodged            |     9 |    19 |    55 |    32 ||   115

Notes
Turn   | Place    | Note
--------------------------------------------------------------
     0 | D:1      | Duffy the Deep Elf Conjurer began the quest for the Orb.
     0 | D:1      | Reached XP level 1. HP: 10/10 MP: 6/6
   175 | D:1      | Reached XP level 2. HP: 4/15 MP: 0/8
   179 | D:1      | Learned a level 2 spell: Searing Ray
   668 | D:1      | Reached skill level 5 in Conjurations
   756 | D:1      | Reached XP level 3. HP: 19/19 MP: 2/10
  1003 | D:1      | Reached skill level 4 in Spellcasting
  1229 | D:2      | Noticed Jessica
  1237 | D:2      | Killed Jessica
  1429 | D:2      | Reached XP level 4. HP: 24/24 MP: 10/12
  1435 | D:2      | Learned a level 4 spell: Fulminant Prism
  1440 | D:2      | Learned a level 4 spell: Iskenderun's Mystic Blast
  1485 | D:2      | Noticed Natasha
  2151 | D:3      | Reached skill level 5 in Spellcasting
  2228 | D:3      | Noticed Robin
  2280 | D:3      | Killed Robin
  2280 | D:3      | Reached skill level 1 in Hexes
  2828 | D:3      | Reached XP level 5. HP: 28/28 MP: 12/14
  2968 | D:3      | Reached skill level 2 in Hexes
  3115 | D:2      | Killed Natasha
  3115 | D:2      | Reached skill level 6 in Conjurations
  3406 | D:2      | Noticed Natasha
  3415 | D:2      | Killed Natasha
  3415 | D:2      | Reached skill level 3 in Hexes
  3420 | D:2      | Noticed Natasha
  3424 | D:2      | Killed Natasha
  3701 | D:4      | Noticed Blork the orc
  3709 | D:4      | Killed Blork the orc
  3709 | D:4      | Reached skill level 4 in Hexes
  3709 | D:4      | Reached XP level 6. HP: 23/32 MP: 7/15
  3814 | D:4      | Found an oddly glowing altar of Pakellas.
  3847 | D:4      | Noticed Pikel
  3847 | D:4      | Noticed a slave
  3847 | D:4      | Noticed a slave
  3848 | D:4      | Noticed a slave
  3868 | D:4      | Killed Pikel
  3868 | D:4      | Reached skill level 8 in Spellcasting
  3868 | D:4      | Reached XP level 7. HP: 36/36 MP: 4/21
  4075 | D:4      | Found a staircase to the Ecumenical Temple.
  4084 | Temple   | Entered the Ecumenical Temple
  4152 | Temple   | Became a worshipper of Sif Muna the Loreminder
  4178 | D:4      | Found a white marble altar of Elyvilon.
  4211 | D:4      | Reached skill level 7 in Conjurations
  4338 | D:4      | Noticed Ijyb
  4350 | D:4      | Killed Ijyb
  5181 | D:5      | Entered Level 5 of the Dungeon
  5494 | D:5      | Reached skill level 8 in Conjurations
  5494 | D:5      | Reached XP level 8. HP: 41/41 MP: 17/22
  5501 | D:5      | Learned a level 5 spell: Iskenderun's Battlesphere
  5574 | D:5      | Reached skill level 1 in Charms
  5822 | D:5      | Reached skill level 2 in Charms
  6081 | D:5      | Got a crystal quarterstaff
  6129 | D:6      | Found a sparkling altar of Nemelex Xobeh.
  6148 | D:6      | Reached * piety under Sif Muna
  6232 | D:6      | Reached skill level 3 in Charms
  6270 | D:6      | Found a glowing drain.
  6274 | Sewer    | Entered a sewer
  6442 | Sewer    | Reached skill level 1 in Invocations
  6496 | Sewer    | Found a white marble altar of Elyvilon.
  6638 | D:6      | Reached skill level 2 in Invocations
  6686 | D:6      | Found a bloodstained altar of Trog.
  6701 | D:6      | Reached skill level 4 in Charms
  6867 | D:6      | Reached skill level 3 in Invocations
  6889 | D:6      | Reached skill level 5 in Charms
  7065 | D:6      | Found an opulent altar of Gozag.
  7109 | D:6      | Reached skill level 4 in Invocations
  7353 | D:6      | Found Iryopt's Food Emporium.
  7558 | D:6      | Reached XP level 9. HP: 45/45 MP: 18/23
  7687 | D:6      | Reached skill level 5 in Invocations
  7869 | D:7      | Reached skill level 9 in Conjurations
  7950 | D:7      | Reached skill level 6 in Charms
  7990 | D:7      | Reached ** piety under Sif Muna
  8126 | D:7      | Reached skill level 9 in Spellcasting
  8551 | D:7      | Lost strength.
  8551 | D:7      | Identified the +3 quarterstaff of Tenacity {drain, Str-5 Int+6 Dex+4} (You found it on level 5 of the Dungeon)
  8889 | D:7      | Found a glowing silver altar of Zin.
  8929 | D:7      | Reached skill level 10 in Spellcasting
  8929 | D:7      | Reached skill level 10 in Conjurations
  9349 | D:7      | Reached skill level 1 in Fighting
  9349 | D:7      | Reached skill level 3 in Dodging
  9584 | D:8      | Noticed Gruesome's ghost (novice TeSu)
  9607 | D:8      | Killed Gruesome's ghost
  9607 | D:8      | Reached skill level 2 in Fighting
  9607 | D:8      | Reached skill level 4 in Dodging
  9830 | D:8      | Reached XP level 10. HP: 54/54 MP: 20/26
  9830 | D:8      | Reached skill level 5 in Dodging
  9848 | D:8      | Reached skill level 3 in Fighting
 10926 | D:9      | Found Xagufof's Jewellery Shoppe.
 10941 | D:9      | Bought the ring of Shadows {Umbra +Inv rN+ SInv} for 420 gold pieces
 11246 | D:9      | Reached skill level 6 in Dodging
 11254 | D:9      | Found a flagged portal.
 11281 | Bailey   | Entered a bailey
 11432 | Bailey   | Reached skill level 4 in Fighting
 11570 | Bailey   | Noticed an orc knight
 11597 | Bailey   | Killed an orc knight
 11597 | Bailey   | Reached skill level 7 in Dodging
 11881 | Bailey   | Noticed an orc knight
 11894 | Bailey   | Reached skill level 5 in Fighting
 11901 | Bailey   | Killed an orc knight
 11901 | Bailey   | Reached skill level 8 in Dodging
 12013 | Bailey   | Reached *** piety under Sif Muna
 12013 | Bailey   | Reached **** piety under Sif Muna
 12013 | Bailey   | Reached skill level 14 in Spellcasting
 12013 | Bailey   | Reached XP level 11. HP: 64/64 MP: 26/31
 12038 | Bailey   | Noticed an orc warlord
 12220 | Bailey   | Noticed an orc knight
 12229 | Bailey   | Killed an orc knight
 12291 | Bailey   | Slain by an orc warlord

Skill      XL: |  1  2  3  4  5  6  7  8  9 10 |
---------------+-------------------------------+-----
Conjurations   | 5 6 8 10 | 10.1
Spellcasting   | 4 5 8 10 14 | 14.5
Hexes          | 1 4 |  4.0
Charms         | 5 6 |  6.5
Invocations    | 4 5 |  5.0
Fighting       | 2 5 |  5.6
Dodging        | 4 8 |  8.5
Stealth        | |  2.4

Vault maps used:
D:1:      minmay_arrival_five_plusses
D:2:      first_bread, uniq_natasha, uniq_jessica
D:3:      uniq_robin
D:4:      kennysheep_goblin_castle, overflow_temple_1_default,
          minmay_temple_entry_grid, grunt_pakellas_salt, uniq_blork_the_orc,
          uniq_pikel
D:6:      lightli_temple_of_fire, nemelex_deck, nicolae_overflow_crystal_walls,
          gup_sewer_entry_spiral, serial_shops, shop, minmay_misc_feat_tower
D:7:      basic_altar
D:9:      enter_bailey_7, serial_shops, shop
Temple:   nicolae_temple_x_marks_the_god_16
Sewer:    sewer_kobolds
Bailey:   bailey_axe_minmay_hex_keep, bailey

Vanquished Creatures
  Pikel
  3 orc knights
  The ghost of Gruesome the Slicer, a novice TeSu of Vehumet
  A wyvern
  A hippogriff
  10 orc warriors
  3 ice beasts
  3 sky beasts
  A black bear
  An eye of draining
  5 ogres
  2 centaurs
  A crocodile Blork the orc
  2 big kobolds
  2 giant frogs
  A gnoll sergeant
  2 scorpions
  A howler monkey
  2 centaur zombies
  3 crimson imps
  A quasit
  A giant frog zombie
  5 hounds
  A gnoll shaman
  A jelly
  A centaur skeleton
  7 orc priests
  2 giant frog skeletons
  7 orc wizards
  Jessica Natasha (thrice)
  Ijyb
  4 iguanas
  4 worker ants
  A hound skeleton Robin
  23 gnolls
  10 adders
  3 river rats
  A shadow imp
  An ooze
  2 adder zombies
  An adder skeleton
  2 worms
  4 dart slugs
  5 giant geckos
  39 orcs
  7 bats
  12 giant cockroaches
  34 goblins
  25 hobgoblins
  16 jackals
  9 kobolds
  7 quokkas
  A ball python
  4 giant newts
  A quokka zombie
  9 rats
  24 fulminant prisms
328 creatures vanquished.
